 Dungeon Crawl Stone Soup version 0.31.0-11-ge490571c62 (webtiles) character file.

Game seed: 15258754760956588260

49 qw the Shooter (level 3, -1/20 HPs)
             Began as a Deep Elf Hunter on Feb 3, 2024.
             Succumbed to an adder's poison
             ... on level 2 of the Dungeon.
             The game lasted 00:00:03 (1129 turns).

qw the Shooter (Deep Elf Hunter)                    Turns: 1129, Time: 00:00:04

Health: -1/20      AC:  3    Str: 10    XL:     3   Next: 51%
Magic:  5/5        EV: 12    Int: 13    God:
Gold:   60         SH:  0    Dex: 18    Spells: 2/2 levels left

rFire   . . .        a - +0 shortbow
rCold   . . .        (shield currently unavailable)
rNeg    . . .        c - +0 leather armour
rPois   .            (no helmet)
rElec   .            (no cloak)
rCorr   .            (no gloves)
SInv    .            (no boots)
Will    .....        (no amulet)
Stlth   ++           (no ring)
HPRegen 0.23/turn    (no ring)
MPRegen 0.09/turn

%: no passive effects
@: lethally poisoned (-1 -> -8)
A: no striking features
a: no special abilities


You were on level 2 of the Dungeon.
You visited 1 branch of the dungeon, and saw 2 of its levels.

You collected 60 gold pieces.


   Skills:
 - Level 1.5 Fighting
 + Level 7.0 Ranged Weapons
 - Level 2.4 Dodging
 - Level 1.2 Stealth


You had 2 spell levels left.
You didn't know any spells.
Your spell library was empty.

Inventory:

Hand Weapons
 a - a +0 shortbow (weapon)
Armour
 c - a +0 leather armour (worn)
 e - a +0 ring mail
Scrolls
 f - a scroll of fear {unknown}
Potions
 b - a potion of heal wounds {unknown}
 d - a potion of cancellation {unknown}

Dungeon Overview and Level Annotations

Branches:
Dungeon (2/15)

Altars:


Message History

You see here a jackal corpse.
There is a stone staircase leading down here.
You see here a +0 club.
An adder comes into view.
You shoot an arrow.
The arrow hits the adder but does no damage.
The adder hisses angrily.
You shoot an arrow. The arrow closely misses the adder.
You shoot an arrow. The arrow closely misses the adder.
The adder bites you.
You are poisoned.
The adder poisons you!
You shoot an arrow. The arrow closely misses the adder.
You feel sick. The adder bites you.
You shoot an arrow. The arrow hits the adder.
The adder is moderately wounded.
You feel sick. The adder bites you but does no damage.
You shoot an arrow. The arrow closely misses the adder.
You feel sick. The adder completely misses you. The adder barely misses you.
You shoot an arrow. The arrow closely misses the adder.
You feel sick.
You are no longer poisoned.
The adder bites you but does no damage.
You shoot an arrow. The arrow misses the adder.
The adder bites you. x2
You are poisoned.
The adder poisons you!
You shoot an arrow. The arrow hits the adder.
The adder is heavily wounded.
You feel sick. The adder bites you but does no damage.
You shoot an arrow. The arrow barely misses the adder.
You feel sick. The adder misses you. The adder closely misses you.
You shoot an arrow. The arrow closely misses the adder.
You feel sick. The adder barely misses you.
You shoot an arrow. The arrow barely misses the adder.
You feel sick. The adder bites you.
You are more poisoned.
The adder poisons you!
You shoot an arrow. The arrow misses the adder.
You die...

#.# ### ### #.# #.. ..#
#.# #.# #.#### #####.#
#.# #.#.. ...##.# #.#
#.... .#.##.# #.# #.#.#
.#.##.# #.# #.#.#
.#.##.####.####.#S#
..<%............@.#
...........####.........
.#.##.###### #.#.#..##.
#..##......# #.#.# .#
.#########.# #.#.# #
.######## .# #.#.#
......... .# #.#.#
#.##... .## #....
#.##..# ..#### ..##..#


You could see an adder.

Vanquished Creatures
  A dart slug (D:1)
  A ribbon worm (D:2)
  3 bats (D:1)
  5 endoplasms
  A giant cockroach (D:1)
  5 goblins
  4 hobgoblins
  2 jackals (D:2)
  2 quokkas
  7 ball pythons
  2 frilled lizards (D:2)
  3 kobolds
  2 rats
38 creatures vanquished.

Notes
Turn   | Place    | Note
-------+----------+-------------------------------------------
     0 | D:1      | qw the Deep Elf Hunter began the quest for the Orb.
     0 | D:1      | Reached XP level 1. HP: 12/12 MP: 3/3
     0 | D:1      | 0 ||| qw: Version: 0.3-a-155-g5e7d8dd
     0 | D:1      | 0 ||| qw: Game counter: 3081
     0 | D:1      | 0 ||| qw: Melee chars always use a shield: true
     0 | D:1      | 0 ||| qw: God list: Okawaru
     0 | D:1      | 0 ||| qw: Allow faded altars: false
     0 | D:1      | 0 ||| qw: Do Orc after clearing Dungeon:15 true
     0 | D:1      | 0 ||| qw: Do second Lair branch before Depths: true
     0 | D:1      | 0 ||| qw: Lair rune preference: random
     0 | D:1      | 0 ||| qw: Goals: Normal
     0 | D:1      | 0 ||| PLANNING D:1-11
   138 | D:1      | Reached XP level 2. HP: 16/16 MP: 4/4
   169 | D:1      | Reached skill level 6 in Ranged Weapons
   424 | D:1      | Found a faded altar of an unknown god.
   658 | D:1      | Reached XP level 3. HP: 20/20 MP: 5/5
   671 | D:1      | 671 ||| DROPPING ring of flight.
   672 | D:1      | 672 ||| READING 2 scrolls labelled NASANI TOSOROS.
   673 | D:1      | 673 ||| READING scroll labelled ICYHIFFY AMAE.
   674 | D:1      | 674 ||| DROPPING scroll of butterflies.
   675 | D:1      | 675 ||| DROPPING scroll of fog.
  1074 | D:2      | Reached skill level 7 in Ranged Weapons
  1125 | D:2      | HP: 5/20 [poisoned by an adder]
  1128 | D:2      | HP: 1/20 [adder (2)]
  1129 | D:2      | Succumbed to an adder's poison

Levels and vault maps discovered:
D:1:      minmay_arrival_radiant_lines, layout_basic,
          chequers_ecumenical_altar_twisty, hex_tiny, minmay_misc_feat_rows
D:2:      minmay_alternating_diamond, layout_loops_ring

Skill      XL: |  1  2  3 |
---------------+----------+-----
Ranged Weapons | 6 7 |  7.0
Fighting       | |  1.5
Dodging        | |  2.4
Stealth        | |  1.2

Action                     || total
---------------------------++-------
   Fire: Shortbow          ||   113
    Use: Scroll            ||     2
 Armour: Leather armour    ||    26
  Dodge: Dodged            ||    22

Table legend:
 A = Non-vault XP
 B = Vault XP
 C = Vault XP percentage of total XP
 D = Non-vault monster count
 E = Vault monster count
 F = Vault count percentage of total count
                 A         B        C        D         E       F
            +---------+---------+-------+---------+---------+-------
      Total |      69 |       1 |   1.4 |      37 |       1 |   2.6
            +---------+---------+-------+---------+---------+-------
        D:1 |      41 |       0 |   0.0 |      22 |       0 |   0.0
        D:2 |      28 |       1 |   3.4 |      15 |       1 |   6.2
            +---------+---------+-------+---------+---------+-------
